 Dungeon Sprint DCSS version 0.31-a0-43-g46d131a48f (webtiles) character file.

Game seed: 8142759696848534403

1432 sircluck the Grappler (level 8, 0/73 HPs)
             Began as a Troll Berserker on May 19, 2023.
             Was a High Priest of Trog.
             Slain by a boulder beetle (16 damage)
             ... in the Dungeon (Sprint II: "The Violet Keep of Menkaure").
             The game lasted 00:02:20 (749 turns).

sircluck the Grappler (Troll Berserker)              Turns: 749, Time: 00:02:21

Health: 0/73       AC:  4    Str: 28      XL:     8   Next: 45%
Magic:  7/7        EV: 12    Int: -1 (3)  God:    Trog [*****.]
Gold:   512        SH:  0    Dex: 10 (11) Spells: 7/7 levels left

rFire   + .          .
                       - Unarmed
rCold   . . .        (no shield)
rNeg    . . .        a - +0 animal skin
rPois   .            (helmet restricted)
rElec   +            (no cloak)
rCorr   .            (gloves unavailable)
SInv    .            (boots unavailable)
Will    .....        (no amulet)
Stlth   ++           (no ring)
HPRegen 1.12/turn    (no ring)
MPRegen 0.10/turn

%: no teleportation
@: slowed, lost intelligence, unable to read, very slow
A: large, unfitting armour, claws 3, regeneration 1, shaggy fur 1, tough skin 1,
thin skeletal structure 1, deterioration 1, fire resistance 1, frail 2,
electricity resistance
a: Renounce Religion, Berserk, Trog's Hand, Brothers in Arms


You were in the Dungeon.
You worshipped Trog.
Trog was extremely pleased with you.
You visited 1 branch You collected 729 gold pieces.
You spent 217 gold pieces at shops.

Inventory:

Armour
 a - a +0 animal skin (worn)
Scrolls
 g - a scroll of blinking
 h - a scroll of magic mapping
Potions
 b - a potion of curing
 c - a potion of heal wounds
 d - a potion of haste
 e - 2 potions of magic
 f - a potion of berserk rage


   Skills:
 + Level 9.5 Fighting
 + Level 9.5 Dodging
 + Level 0.5 Stealth
 + Level 11.5 Unarmed Combat


You had 7 spell levels left.
You didn't know any spells.
Your spell library was empty.

Dungeon Overview and Level Annotations

Branches:
Dungeon (1/1)

Altars:

Shops:
D :(?[=:?!(!=:[(!

Annotations:
D exclusions: oklob plant and orange crystal statue


Innate Abilities, Weirdness & Mutations

You are too large for most types of armour.
You have claws for hands.
Your natural rate of healing is unusually fast.
You are covered in fur. (AC +1)
You have tough skin. (AC +1)
You have a somewhat thin skeletal structure. (Dex +2, Stealth+)
Your body sometimes deteriorates upon taking damage.
Your flesh is heat resistant. (rF+)
You are very frail. (-20% HP)
You are resistant to electric shocks. (rElec)


Message History

There is an open door here.
You claw the boulder beetle! You claw the boulder beetle.
The boulder beetle is lightly wounded.
The boulder beetle leaps!
The boulder beetle curls into a ball and begins rolling!
The boulder beetle bites you.
You scratch the boulder beetle.
The boulder beetle is lightly wounded.
The boulder beetle misses you.
You scratch the boulder beetle but do no damage.
The boulder beetle is lightly wounded.
The boulder beetle bites you!!
Your body deteriorates!
You feel dopey.
You claw the boulder beetle!
The boulder beetle is moderately wounded.
The boulder beetle barely misses you. The boulder beetle hits you!
The boulder beetle stops rolling and uncurls.
You are too injured to fight recklessly!
You are too injured to fight recklessly!
You are too injured to fight recklessly!
You are too injured to fight recklessly!
You are too injured to fight recklessly!
You are too injured to fight recklessly!
You are too injured to fight recklessly!
You are too injured to fight recklessly!
You are too injured to fight recklessly!
You are too injured to fight recklessly!
You are too injured to fight recklessly!
You are too injured to fight recklessly!
You are too injured to fight recklessly!
You scratch the boulder beetle but do no damage.
The boulder beetle is lightly wounded.
The boulder beetle bites you. The boulder beetle bites you!
* * * LOW HITPOINT WARNING * * *
You claw the boulder beetle!
You claw the boulder beetle, but do no damage.
The boulder beetle is lightly wounded.
The boulder beetle leaps!
The boulder beetle barely misses you. The boulder beetle bites you!
You die...

###≈§§§°S≈§≈ #~## ≈≈≈≈≈
##########~~#+++#+++##
#########~~~.........#
.....∩.∩#~~~~.##+##..#
......∩.#~~~~##. .##.####
...∩.∩..#~~~~#.. ..#....#
..∩.∩...#~~####.#○####..##
.⌠.∩....#~##.###@###.##..#
..∩.∩...#~#...##B##...#..#
...∩.∩..'~'##.'.B.')#.'..###
....∩.∩.#~#...##.##...#÷...###.
▓▓▓▓▓▓###~##.###'###.##......~~
$lD######~~######.####~~...§.~#
?$l#G ##~~~#..##.#~~~§~~§..~#
∩P$+!. #'#~##...##~~§~§~~~.~#
[.$#$# #:#~~##'##~~~§§§§~~~~#


You could see 2 boulder beetles.

Vanquished Creatures
  A merfolk siren (D)
  4 neqoxecs (D)
  A vampire mosquito (D)
  Menkaure (D)
  A water moccasin (D)
  4 necrophages (D)
12 creatures vanquished.

Notes
Turn   | Place    | Note
-------+----------+-------------------------------------------
     0 | D        | sircluck the Troll Berserker began the quest for the Orb.
     0 | D        | Reached XP level 1. HP: 22/22 MP: 0/0
     1 | D        | Noticed a boulder beetle
     1 | D        | Noticed a boulder beetle
     5 | D        | Noticed a merfolk siren
    19 | D        | Killed a merfolk siren
    20 | D        | Reached skill level 8 in Unarmed Combat
    20 | D        | Reached XP level 2. HP: 18/40 MP: 1/1
    20 | D        | Reached XP level 3. HP: 21/46 MP: 2/2
    20 | D        | Reached XP level 4. HP: 25/55 MP: 3/3
    20 | D        | Reached XP level 5. HP: 28/62 MP: 4/4
    20 | D        | Reached XP level 6. HP: 32/71 MP: 5/5
    27 | D        | Noticed a water moccasin
    29 | D        | Killed a water moccasin
    29 | D        | Reached ** piety under Trog
    44 | D        | Noticed Menkaure
    49 | D        | Killed Menkaure
    50 | D        | Reached skill level 9 in Unarmed Combat
    50 | D        | Reached XP level 7. HP: 72/79 MP: 6/6
    51 | D        | Found Uthriy's Distillery.
    52 | D        | Found Mefowayg's Antique Armour Shoppe.
    53 | D        | Found Jiacse's Distillery.
    53 | D        | Found Beonum's Jewellery Shoppe.
    53 | D        | Found Keubus's Book Shoppe.
    54 | D        | Found Zesuefel's Magic Scroll Shoppe.
    54 | D        | Found Leosesugh's Distillery.
    55 | D        | Found Weluttim's Antique Weapon Emporium.
    55 | D        | Found Zoyngegg's Antique Weapon Shoppe.
    56 | D        | Found Etunet's Antique Armour Emporium.
    56 | D        | Found Reetohott's Jewellery Shoppe.
    56 | D        | Found Poewashro's Book Emporium.
    58 | D        | Found Ejuit's Weapon Emporium.
    58 | D        | Found Tit Desm's Magic Scroll Shoppe.
    59 | D        | Noticed a wyvern
    60 | D        | Noticed a wyvern
    80 | D        | Reached *** piety under Trog
    82 | D        | Reached skill level 10 in Unarmed Combat
   114 | D        | Noticed an ice dragon
   116 | D        | Noticed an oklob plant
   116 | D        | Noticed a wyvern
   117 | D        | Found Vesch's Book Shoppe.
   138 | D        | Noticed a neqoxec
   139 | D        | Noticed a neqoxec
   141 | D        | Killed a neqoxec
   141 | D        | Reached **** piety under Trog
   147 | D        | Killed a neqoxec
   148 | D        | Reached XP level 8. HP: 70/92 MP: 7/7
   149 | D        | Gained mutation: You are frail. (-10% HP) [a neqoxec]
   150 | D        | Noticed an orange crystal statue
   154 | D        | Gained mutation: You are very frail. (-20% HP) [a neqoxec]
   155 | D        | Lost intelligence.
   160 | D        | Reached skill level 11 in Unarmed Combat
   164 | D        | Reached ***** piety under Trog
   167 | D        | Gained mutation: You passively dampen the noise of your
                  | surroundings. [mutagenic glow]
   174 | D        | Gained mutation: Your body sometimes deteriorates upon
                  | taking damage. [mutagenic glow]
   178 | D        | Lost mutation: You passively dampen the noise of your
                  | surroundings. [mutagenic glow]
   184 | D        | Gained mutation: Your body often deteriorates upon taking
                  | damage. [mutagenic glow]
   366 | D        | Noticed a great orb of eyes
   610 | D        | Bought a potion of mutation for 112 gold pieces
   610 | D        | Lost mutation: You are very frail. (-20% HP) [potion of
                  | mutation]
   610 | D        | Lost mutation: Your body often deteriorates upon taking
                  | damage. [potion of mutation]
   610 | D        | Gained mutation: You are resistant to electric shocks.
                  | (rElec) [potion of mutation]
   610 | D        | Gained mutation: You are very frail. (-20% HP) [potion of
                  | mutation]
   610 | D        | Gained mutation: Your flesh is heat resistant. (rF+)
                  | [potion of mutation]
   610 | D        | Gained mutation: You have a somewhat thin skeletal
                  | structure. (Dex +2, Stealth+) [potion of mutation]
   726 | D        | Bought a scroll of magic mapping for 105 gold pieces
   749 | D        | Slain by a boulder beetle

Illustrated notes

Levels and vault maps discovered:
D:        the_violet_keep_of_menkaure [sprint2_stairs_cluster_1,
          sprint2_shoproom, sprint2_temple, sprint2_basic_supplies,
          sprint2_obstacle_4, sprint2_obstacle_1, sprint2_obstacle_5,
          sprint2_obstacle_3, sprint2_obstacle_7, sprint2_timed_cluster_1,
          sprint2_smallroom_cluster_1, sprint2_smallroom_final_cluster_1,
          sprint2_transparent_cluster_1, sprint2_second_timed_cluster_1,
          sprint2_sniper_area_1, sprint2_heavy_combat_area_1,
          sprint2_mutation_trap_area_1, sprint2_forest_area_1,
          sprint2_light_combat_area_1, sprint2_behind_water_1,
          sprint2_near_end_vault_1]

Skill      XL: |  1  2  3  4  5  6  7  8 |
---------------+-------------------------+-----
Fighting       | 7 9 |  9.5
Dodging        | 6 7 9 |  9.5
Unarmed Combat | 8 9 10 11 | 11.5
Stealth        | |  0.5

Action                     |  1- 3 |  4- 6 |  7- 9 || total
---------------------------+-------+-------+-------++-------
  Melee: Unarmed           |    11 |     3 |    53 ||    67
         Punch             |       |       |     5 ||     5
    Use: Potion            |       |       |     1 ||     1
 Armour: Animal skin       |       |       |    16 ||    16
  Dodge: Dodged            |     3 |     2 |    18 ||    23

Table legend: (Time is in decaauts)
 A = Elapsed time spent in this place.
 B = Non-inter-level travel time spent in this place.
 C = Inter-level travel time spent in this place.
 D = Time resting spent in this place.
 E = Time spent auto-exploring this place.
 F = Levels seen in this place.
 G = Mean time per level.
                   A        B        C        D        E       F      G
               +--------+--------+--------+--------+--------+-----+--------+
         Total |   1030 |   1006 |     24 |    687 |     80 |   1 | 1030.0 |
       Dungeon |   1030 |   1006 |     24 |    687 |     80 |   1 | 1030.0 |
               +--------+--------+--------+--------+--------+-----+--------+

Top non-repeatable levels by time:
       D: 1030 daAuts
